[Event "Titled Tuesday Blitz June 20 Late 2023"]
[White "Gerbelli Neto, Eduardo"]
[Black "Winkels, Marcel"]
[WhiteFideId "2103281"]
[BlackFideId "1003887"]
[WhiteElo "2178"]
[BlackElo "1900"]
[Result "1-0"]
[Round "6"]
[TimeControl "180+2"]
[Date "2023.06.20"]
[WhiteClock "0:00:41"]
[BlackClock "0:00:00"]
[Board "145"]

1. e4 Nf6 2. Nc3 d5 3. e5 Nfd7 4. d4 e6 5. f4 c5 6. Nf3 Nc6 7. Be3 a6 8. Qd2 b5 9. Qf2 b4 10. Nd1 cxd4 11. Nxd4 Bb7 12. Bd3 g6 13. O-O Bc5 14. Nxc6 Bxe3 15. Nxe3 Bxc6 16. a4 Qb6 17. b3 Nc5 18. Ng4 O-O 19. Nf6+ Kg7 20. Kh1 Nd7 21. Qh4 h6 22. Ng4 h5 23. Nf6 Qd8 24. Nxh5+ gxh5 25. Qxh5 Rh8 26. Qg4+ Kf8 27. g3 Nc5 28. f5 Nxd3 29. cxd3 d4+ 30. Kg1 Qd5 31. Qe4 Qxe4 32. dxe4 exf5 33. exf5 Ke7 34. Rad1 Rad8 35. Rf4 d3 36. Rxb4 Bf3 37. Rd2 Rd5 38. Rb7+ Rd7 39. Rxd7+ Kxd7 40. Rxd3+ Kc6 41. Rxf3 Rb8 42. Rd3 Kc5 43. e6 fxe6 44. fxe6 Re8 45. Re3 Kd6 46. Kf2 a5 47. h4 Ke7 48. g4 Rf8+ 49. Kg3 Rg8 50. g5 Rf8 51. Kg4 Rc8 52. h5 Rb8 53. h6 Kf8 54. g6 Kg8 55. Kg5 Rc8 56. e7 Re8 57. Kf6 1-0


[Site "https://www.chess.com"]

[Event "Titled Tuesday Blitz June 20 Late 2023"]
[White "Stanisz, Patryk"]
[Black "dorpato"]
[WhiteFideId "1123106"]
[WhiteElo "2069"]
[BlackElo "2042"]
[Result "1-0"]
[Round "6"]
[TimeControl "180+2"]
[Date "2023.06.20"]
[WhiteClock "0:00:39"]
[BlackClock "0:00:03"]
[Board "146"]

1. Nf3 g6 2. c4 Bg7 3. Nc3 e5 4. d3 d6 5. g3 Be6 6. Bg2 h6 7. Qb3 Qc8 8. Nxe5 Bxe5 9. Bxb7 Qd7 10. Bxa8 Nc6 11. e3 Bh3 12. Rg1 Nge7 13. d4 Bg7 14. Qa4 O-O 15. Bxc6 Nxc6 16. Bd2 Re8 17. O-O-O Bg4 18. Rde1 Rb8 19. d5 Bxc3 20. Bxc3 Ne5 21. Qxd7 Nxd7 22. e4 Nc5 23. Kd2 h5 24. e5 dxe5 25. Rxe5 f6 26. Re7 Bf5 27. Rge1 Ne4+ 28. R7xe4 Bxe4 29. Rxe4 Rd8 30. Re7 c6 31. Bxf6 Rd6 32. Be5 Rd8 33. d6 Kf8 34. Rxa7 Re8 35. f4 g5 36. Rc7 gxf4 37. gxf4 Kg8 38. Rxc6 1-0


[Site "https://www.chess.com"]

[Event "Titled Tuesday Blitz June 20 Late 2023"]
[White "Romero Ruscalleda, Josep"]
[Black "White, John S."]
[WhiteFideId "2231859"]
[BlackFideId "2502348"]
[WhiteElo "2183"]
[BlackElo "2024"]
[Result "1-0"]
[Round "6"]
[TimeControl "180+2"]
[Date "2023.06.20"]
[WhiteClock "0:01:04"]
[BlackClock "0:00:00"]
[Board "147"]

1. e4 c5 2. c3 Nf6 3. e5 Nd5 4. Nf3 e6 5. d4 cxd4 6. cxd4 Nc6 7. a3 d6 8. Bd3 dxe5 9. dxe5 Be7 10. O-O O-O 11. Qe2 Qc7 12. Bd2 b6 13. Nc3 Nxc3 14. Bxc3 Bb7 15. Rac1 Rad8 16. Bb1 Rd7 17. Qe4 g6 18. Qf4 Rfd8 19. Ng5 Bxg5 20. Qxg5 Rd5 21. h4 Qe7 22. Qg3 Nd4 23. Rfe1 Nb3 24. Rc2 Rd1 25. Re2 Ba6 26. Rxd1 Rxd1+ 27. Re1 Rxe1+ 28. Bxe1 Qd7 29. Qxb3 Qd4 30. Bc3 Qxh4 31. Qb4 Qg5 32. Qe4 Qc1+ 33. Kh2 Qh6+ 34. Kg1 Qc1+ 35. Qe1 Qf4 36. Be4 Kg7 37. Qe3 Qg4 38. Bf3 Qf5 39. Qe4 Qg5 40. g3 Qc1+ 41. Kg2 Bf1+ 42. Kh2 1-0


[Site "https://www.chess.com"]

[Event "Titled Tuesday Blitz June 20 Late 2023"]
[White "Sainz Aguirre, Ignacio"]
[Black "Vifleemskaia, Svetlana"]
[WhiteFideId "5101727"]
[BlackFideId "4129490"]
[WhiteElo "1889"]
[BlackElo "1930"]
[Result "0-1"]
[Round "6"]
[TimeControl "180+2"]
[Date "2023.06.20"]
[WhiteClock "0:00:06"]
[BlackClock "0:01:14"]
[Board "148"]

1. e4 e5 2. Nf3 Nc6 3. Bc4 Nf6 4. d3 Be7 5. a4 O-O 6. a5 a6 7. O-O d5 8. exd5 Nxd5 9. Re1 Bf6 10. Nbd2 Bg4 11. Ne4 Nd4 12. Bxd5 Qxd5 13. c3 Bxf3 14. gxf3 Ne6 15. Kh1 Be7 16. Rg1 f5 17. Ng3 Rad8 18. Rg2 Qxd3 19. Qb3 Qd5 20. Qc2 Qd1+ 21. Qxd1 Rxd1+ 22. Rg1 Rxg1+ 23. Kxg1 g6 24. Bd2 Rd8 25. Be1 Nf4 26. Kf1 Kf7 27. b4 c5 28. bxc5 Bxc5 29. Rb1 Rd7 30. Rb3 Ke6 31. Ne2 Nd3 32. Bd2 Nxf2 33. f4 Rxd2 0-1


[Site "https://www.chess.com"]

[Event "Titled Tuesday Blitz June 20 Late 2023"]
[White "Dimitrijevic, Aleksandra"]
[Black "Burke, Paul"]
[WhiteFideId "929239"]
[BlackFideId "2605767"]
[WhiteElo "2276"]
[BlackElo "1912"]
[Result "1-0"]
[Round "6"]
[TimeControl "180+2"]
[Date "2023.06.20"]
[WhiteClock "0:02:00"]
[BlackClock "0:00:37"]
[Board "149"]

1. d4 a6 2. e4 d6 3. Bd3 g6 4. Be3 h6 5. f4 Nd7 6. Nf3 Bg7 7. c3 e5 8. O-O Ne7 9. Nbd2 O-O 10. fxe5 dxe5 11. d5 f5 12. exf5 gxf5 13. Bc4 Kh8 14. Nh4 f4 15. Bf2 Nf6 16. Qc2 Nfxd5 17. Rad1 c6 18. Ne4 Bf5 19. Nxf5 Nxf5 20. Nc5 Nfe3 21. Bxe3 Nxe3 22. Rxd8 Nxc2 23. Rxa8 Rxa8 24. Bd3 Ne3 25. Re1 Rd8 26. Be4 Rd2 27. Nxb7 Rxb2 28. Nc5 Rxa2 29. Rb1 Kg8 30. Rb7 Nd5 31. Ne6 Bf6 32. Bh7+ Kh8 33. Bb1 Ra1 34. Rb8+ 1-0


[Site "https://www.chess.com"]

[Event "Titled Tuesday Blitz June 20 Late 2023"]
[White "Sarkar, Justin"]
[Black "Gyulamiryan-koryun"]
[WhiteFideId "2010011"]
[WhiteElo "2151"]
[BlackElo "1874"]
[Result "1/2-1/2"]
[Round "6"]
[TimeControl "180+2"]
[Date "2023.06.20"]
[WhiteClock "0:00:03"]
[BlackClock "0:00:20"]
[Board "150"]

1. e4 e5 2. f4 exf4 3. Nf3 d6 4. Bc4 h6 5. d4 g5 6. h4 Bg7 7. hxg5 hxg5 8. Rxh8 Bxh8 9. c3 c6 10. Kd2 g4 11. Qh1 Qf6 12. Ne1 Bg7 13. Kc2 b5 14. Bb3 Be6 15. Nd3 Bxb3+ 16. axb3 f3 17. gxf3 Qxf3 18. Qxf3 gxf3 19. Bf4 Kd7 20. Nd2 Bh6 21. Rf1 Bxf4 22. Nxf4 f6 23. Rxf3 a5 24. Rg3 Ne7 25. Rg7 Na6 26. Ng6 Re8 27. Nf3 Ke6 28. Nf4+ Kd7 29. Nh4 Kc8 30. Rf7 d5 31. exd5 Nxd5 32. Nxd5 cxd5 33. Rxf6 Nc7 34. Kd2 Rh8 35. Nf3 Rh3 36. Ke3 a4 37. bxa4 bxa4 38. Rc6 Kb7 39. Rc5 Kb6 40. Kf4 Ne6+ 41. Kg4 Rxf3 42. Kxf3 Nxc5 43. dxc5+ Kxc5 44. Ke3 Kc4 45. Kd2 Kb3 46. Kc1 a3 47. bxa3 Kxc3 48. Kd1 d4 49. Kc1 d3 50. Kd1 Kb3 51. Kd2 Kc4 52. a4 Kd4 53. a5 Kc5 54. Kxd3 Kb5 55. Kd4 Kxa5 1/2-1/2


[Site "https://www.chess.com"]

[Event "Titled Tuesday Blitz June 20 Late 2023"]
[White "Vargas, Mauricio"]
[Black "Schut, Han"]
[WhiteFideId "4404572"]
[BlackFideId "1005561"]
[WhiteElo "1986"]
[BlackElo "2024"]
[Result "0-1"]
[Round "6"]
[TimeControl "180+2"]
[Date "2023.06.20"]
[WhiteClock "0:00:00"]
[BlackClock "0:00:02"]
[Board "151"]

1. e4 c5 2. Nc3 Nc6 3. f4 g6 4. Nf3 Bg7 5. Bb5 Nd4 6. Bf1 e6 7. d3 Ne7 8. g3 O-O 9. Bg2 d5 10. e5 Nef5 11. O-O h5 12. Ne2 Qb6 13. c3 Nxe2+ 14. Qxe2 Bd7 15. a4 Qa6 16. b3 b5 17. a5 c4 18. b4 cxd3 19. Qxd3 Rac8 20. Bd2 Rc4 21. h3 Rfc8 22. g4 hxg4 23. hxg4 Nh6 24. Bh3 Qc6 25. Rf2 Re4 26. Ng5 Qc4 27. Bf1 Nxg4 28. Nxe4 Qxe4 29. Qxe4 dxe4 30. Re2 Bc6 31. Bg2 e3 32. Bxc6 Rxc6 33. Bxe3 Rxc3 34. Bc5 Rc4 35. Rd1 a6 36. Rg2 Nh6 37. Rd8+ Kh7 38. Rd7 Rxf4 39. Rf2 Rxf2 40. Kxf2 Bxe5 41. Ra7 g5 42. Rxa6 Ng4+ 43. Kg1 Kg6 44. Rb6 f5 45. Rxe6+ Kh5 0-1


[Site "https://www.chess.com"]

[Event "Titled Tuesday Blitz June 20 Late 2023"]
[White "Sala, Giulia"]
[Black "Grabs, Peter"]
[WhiteFideId "2840451"]
[BlackFideId "16203887"]
[WhiteElo "1769"]
[BlackElo "1670"]
[Result "1-0"]
[Round "6"]
[TimeControl "180+2"]
[Date "2023.06.20"]
[WhiteClock "0:01:36"]
[BlackClock "0:00:17"]
[Board "152"]

1. e4 e6 2. d4 d5 3. Nc3 Bb4 4. e5 c5 5. a3 Bxc3+ 6. bxc3 Nc6 7. Qg4 Kf8 8. Bd2 Qa5 9. Nf3 Qa4 10. Ra2 Nge7 11. Bd3 c4 12. Be2 b5 13. O-O a5 14. Rb1 Rb8 15. Rbb2 Bd7 16. h4 h6 17. h5 Nf5 18. Nh4 Nxh4 19. Qxh4 Ne7 20. Qf4 Kg8 21. Be1 Kh7 22. Qxf7 Rbe8 23. Qf4 Rhf8 24. Qc1 Nc6 25. Qb1 Ne7 26. Rb4 axb4 27. axb4 Ra8 28. Rxa4 Rxa4 29. Qc1 Rfa8 30. Bg4 Ra1 31. Qe3 Rb1 32. Kh2 Raa1 33. Bd2 Rh1+ 34. Kg3 Nf5+ 35. Bxf5+ exf5 36. e6 Be8 37. Qe5 Rxh5 38. Kf3 g5 39. e7 g4+ 40. Kf4 Rf1 41. Be3 Rh2 42. Qxf5+ Bg6 43. e8=Q Bxf5 44. Qf7+ Kh8 45. Kxf5 Rxg2 46. Kg6 Rfxf2 47. Qg7# 1-0


[Site "https://www.chess.com"]

[Event "Titled Tuesday Blitz June 20 Late 2023"]
[White "Bongo Akanga Ndjila, Barthelemy"]
[Black "Ozalp, Burak"]
[WhiteFideId "10609431"]
[BlackFideId "6314210"]
[WhiteElo "1768"]
[BlackElo "2106"]
[Result "1-0"]
[Round "6"]
[TimeControl "180+2"]
[Date "2023.06.20"]
[WhiteClock "0:00:32"]
[BlackClock "0:01:14"]
[Board "153"]

1. d4 d5 2. c4 c6 3. Nc3 Nf6 4. Nf3 a6 5. c5 g6 6. Bg5 Bg7 7. e3 Bg4 8. Be2 Bxf3 9. Bxf3 Nbd7 10. Qb3 Qc8 11. Na4 O-O 12. Nb6 Nxb6 13. Qxb6 Nd7 14. Qb3 e5 15. O-O e4 16. Bg4 f5 17. Bh3 Bf6 18. Bf4 Kg7 19. Bd6 Re8 20. f3 exf3 21. Rxf3 Be7 22. Bf4 Nf6 23. Be5 Bd8 24. g4 Rxe5 25. dxe5 Nxg4 26. Bxg4 fxg4 27. Rf2 Bh4 28. Rf4 Bg5 29. Rf2 Qc7 30. Qc3 Re8 31. e6+ Kh6 32. Rf7 Rxe6 33. Qg7+ Kh5 34. Qxh7+ Bh6 35. Rxc7 1-0


[Site "https://www.chess.com"]

[Event "Titled Tuesday Blitz June 20 Late 2023"]
[White "Dmitriev, Sergey"]
[Black "KSho99"]
[WhiteFideId "14101785"]
[WhiteElo "2132"]
[BlackElo "2206"]
[Result "1-0"]
[Round "6"]
[TimeControl "180+2"]
[Date "2023.06.20"]
[WhiteClock "0:01:06"]
[BlackClock "0:00:00"]
[Board "154"]

1. d4 f5 2. Bf4 Nf6 3. h3 d6 4. e3 g6 5. Nf3 Bg7 6. Nbd2 O-O 7. c4 Qe8 8. Be2 Nbd7 9. O-O e5 10. dxe5 dxe5 11. Bh2 e4 12. Nd4 c6 13. Bd6 Rf7 14. c5 Nd5 15. Bc4 Ne5 16. Bb3 Kh8 17. Nc4 Nxc4 18. Bxc4 Qd8 19. Rb1 Qg5 20. Bg3 Re7 21. Ne2 Be6 22. Bxd5 Bxd5 23. Nf4 Bxa2 24. Rc1 Bg8 25. Qd6 Qf6 26. Rfd1 Ree8 27. b4 Rad8 28. Qc7 Qe7 29. Rxd8 Qxc7 30. Rxe8 Qf7 31. Rd8 Bf6 32. Rd6 Qe7 33. Rcd1 1-0


[Site "https://www.chess.com"]

[Event "Titled Tuesday Blitz June 20 Late 2023"]
[White "Nunez V, Gustavo Eduardo"]
[Black "Alexikov, Alexander"]
[WhiteFideId "4403690"]
[BlackFideId "14103958"]
[WhiteElo "2168"]
[BlackElo "2186"]
[Result "1-0"]
[Round "6"]
[TimeControl "180+2"]
[Date "2023.06.20"]
[WhiteClock "0:00:04"]
[BlackClock "0:00:00"]
[Board "155"]

1. e4 c5 2. Nc3 Nc6 3. g3 d6 4. Bg2 g6 5. Nge2 Bg7 6. O-O e5 7. f4 Nge7 8. f5 gxf5 9. exf5 Bxf5 10. Nd5 Qd7 11. d3 Bg4 12. Qd2 Nxd5 13. Bxd5 f6 14. Nc3 O-O-O 15. Ne4 Rdf8 16. c3 Bh3 17. Rf2 h5 18. b4 cxb4 19. cxb4 h4 20. b5 Nd4 21. a4 hxg3 22. hxg3 Bg4 23. Ba3 Nf3+ 24. Rxf3 Bxf3 25. Qc3+ Kb8 26. Kf2 Bxe4 27. Bxe4 f5 28. Bf3 e4 29. Qb4 Bxa1 30. Bg2 Be5 31. b6 axb6 32. Qxb6 Qc6 33. Qb3 Ka7 34. a5 f4 35. Bxe4 fxg3+ 36. Ke3 Bf4+ 37. Kd4 d5 38. Bxd5 Qf6+ 39. Kc4 Rc8+ 40. Bc5+ Rxc5+ 41. Kxc5 Rc8+ 42. Kb5 1-0


[Site "https://www.chess.com"]

[Event "Titled Tuesday Blitz June 20 Late 2023"]
[White "De Souza, Cristiano Gomes"]
[Black "Antonio, Jorge Carlos"]
[WhiteFideId "2151758"]
[BlackFideId "113190"]
[WhiteElo "2068"]
[BlackElo "2247"]
[Result "1-0"]
[Round "6"]
[TimeControl "180+2"]
[Date "2023.06.20"]
[WhiteClock "0:00:37"]
[BlackClock "0:00:11"]
[Board "156"]

1. d4 d5 2. c4 c6 3. Nf3 Nf6 4. Nc3 g6 5. Bf4 Bg7 6. e3 O-O 7. Rc1 Bf5 8. Qb3 Qb6 9. c5 Qxb3 10. axb3 Nbd7 11. b4 a6 12. Be2 Ne4 13. Nd2 Nxd2 14. Kxd2 Rfe8 15. f3 e5 16. dxe5 Nxe5 17. g4 Be6 18. Rhd1 Rad8 19. Ke1 f5 20. Bg5 Rc8 21. h3 fxg4 22. hxg4 Nf7 23. Bf4 Ne5 24. Kf2 Rf8 25. Kg3 Rce8 26. g5 Nf7 27. e4 dxe4 28. Nxe4 Bd5 29. Bd3 Bxb2 30. Rc2 Be5 31. Bxe5 Nxe5 32. Nf6+ Kg7 33. Nxe8+ Rxe8 34. Re2 Kf7 35. f4 Nxd3 36. Rxe8 Kxe8 37. Rxd3 Ke7 38. Re3+ Kf7 39. Re5 Be6 40. Kf3 Bf5 41. Ke3 Be6 42. Kd4 Bf5 43. Rxf5+ gxf5 44. Ke5 Kg6 45. Ke6 h6 46. gxh6 Kxh6 47. Kxf5 Kg7 48. Ke6 Kf8 49. Kf6 Ke8 50. f5 Kd7 51. Kf7 Kc7 52. Ke7 b6 53. f6 bxc5 54. bxc5 a5 55. f7 Kb7 56. f8=Q Ka6 57. Kd7 Kb5 58. Kd6 a4 59. Qb8+ Kc4 60. Kxc6 a3 61. Qb5+ Kc3 62. Kb6 a2 63. Qa5+ Kb2 64. c6 a1=Q 65. Qxa1+ Kxa1 66. c7 1-0


[Site "https://www.chess.com"]

[Event "Titled Tuesday Blitz June 20 Late 2023"]
[White "Liu, Kelsey"]
[Black "Ricaurte Lopez, Juan Carlos"]
[WhiteFideId "30944481"]
[BlackFideId "3600327"]
[WhiteElo "2282"]
[BlackElo "2200"]
[Result "1-0"]
[Round "6"]
[TimeControl "180+2"]
[Date "2023.06.20"]
[WhiteClock "0:00:06"]
[BlackClock "0:00:00"]
[Board "157"]

1. e4 e6 2. d4 d5 3. Nc3 dxe4 4. Nxe4 Bd7 5. Nf3 Bc6 6. Bd3 Nd7 7. O-O Ngf6 8. Re1 Nxe4 9. Bxe4 Bxe4 10. Rxe4 c6 11. Bf4 Be7 12. c3 O-O 13. Qc2 b5 14. Rae1 a5 15. Bg3 Re8 16. h4 a4 17. Rg4 Nf6 18. Rg5 h6 19. Rge5 Bd6 20. R5e2 Bxg3 21. fxg3 Qd5 22. Ne5 c5 23. dxc5 Qxc5+ 24. Kh2 a3 25. b3 Rac8 26. Re3 Red8 27. g4 Qd6 28. Kh1 Qd2 29. R1e2 Qxc2 30. Rxc2 Nd5 31. Rf3 f6 32. Ng6 Rd7 33. h5 Nb4 34. Re2 Nd5 35. Rxe6 Nxc3 36. Kh2 Nd5 37. Rd3 Nb6 38. Ne7+ Rxe7 39. Rxe7 Kf8 40. Rb7 Ra8 41. Rxb6 Ke7 42. Rb7+ Ke6 43. Rxg7 Ke5 44. Rg6 f5 45. Rxh6 fxg4 46. Rc3 Kd4 47. Rhc6 1-0


[Site "https://www.chess.com"]

[Event "Titled Tuesday Blitz June 20 Late 2023"]
[White "Cooper, Aaron"]
[Black "Calderin Gonzalez, Roberto"]
[WhiteFideId "2634945"]
[BlackFideId "5102979"]
[WhiteElo "2281"]
[BlackElo "2082"]
[Result "1/2-1/2"]
[Round "6"]
[TimeControl "180+2"]
[Date "2023.06.20"]
[WhiteClock "0:00:07"]
[BlackClock "0:00:18"]
[Board "158"]

1. e4 c5 2. Nf3 Nc6 3. d4 cxd4 4. Nxd4 g6 5. Nc3 Bg7 6. Be3 Nf6 7. Be2 O-O 8. O-O d5 9. exd5 Nxd5 10. Nxd5 Qxd5 11. Bf3 Qd8 12. Nxc6 bxc6 13. Qxd8 Rxd8 14. c3 Bb7 15. Bc5 e6 16. Rfd1 a6 17. Bb6 Rxd1+ 18. Rxd1 Rb8 19. a4 h5 20. a5 c5 21. Bxb7 Rxb7 22. Rd8+ Kh7 23. Rc8 Rd7 24. Kf1 Bh6 25. Rd8 Rxd8 26. Bxd8 Bc1 27. b3 Bd2 28. Bf6 Kg8 29. Ke2 Bf4 30. g3 Bd6 31. Kd3 Kf8 32. Kc4 Ke8 33. h3 Kd7 34. g4 hxg4 35. hxg4 Kc6 36. f3 Bf4 37. Be7 Bd6 38. Bf6 Bf8 39. Bd8 f5 40. Kd3 Bd6 41. c4 Kd7 42. Bb6 Ke8 43. Kc3 Kf7 44. Kd3 Kf6 45. Ke3 fxg4 46. fxg4 Kg5 47. Kf3 Kh4 48. Bd8+ Kh3 49. Bg5 e5 50. Bf6 e4+ 51. Kxe4 Kxg4 52. Kd5 Bf8 53. Bd8 Kf4 54. Kc6 g5 55. Kb6 g4 56. Bc7+ Kf3 57. Kxa6 Bh6 58. Bh2 Bf4 59. Bg1 g3 60. Bxc5 Be3 61. Bd6 Bf4 62. Bc5 Be3 63. Bd6 Bf4 64. Bc5 1/2-1/2


[Site "https://www.chess.com"]

[Event "Titled Tuesday Blitz June 20 Late 2023"]
[White "Martinez Alcantara, Jose Eduardo"]
[Black "Yoo, Christopher Woojin"]
[WhiteFideId "3805662"]
[BlackFideId "30909694"]
[WhiteElo "2711"]
[BlackElo "2528"]
[Result "1-0"]
[Round "7"]
[TimeControl "180+2"]
[Date "2023.06.20"]
[WhiteClock "0:01:11"]
[BlackClock "0:00:00"]
[Board "1"]

1. e4 c5 2. Nf3 e6 3. c3 d5 4. e5 d4 5. g3 Nc6 6. Bg2 Qc7 7. O-O Nxe5 8. Nxe5 Qxe5 9. d3 Qc7 10. cxd4 cxd4 11. Nd2 Nf6 12. Nc4 Be7 13. Bf4 Qd8 14. Qa4+ Bd7 15. Qb3 b5 16. Nd6+ Bxd6 17. Bxd6 Rc8 18. Rac1 a5 19. Rxc8 Qxc8 20. Qa3 Qd8 21. Qc5 Qc8 22. Qxd4 b4 23. a3 bxa3 24. Bxa3 Qd8 25. Rc1 Bb5 26. Qc5 Bd7 27. Qd6 Bb5 28. Rc8 1-0


[Site "https://www.chess.com"]

[Event "Titled Tuesday Blitz June 20 Late 2023"]
[White "Terry, Renato"]
[Black "Firouzja, Alireza"]
[WhiteFideId "3803457"]
[BlackFideId "12573981"]
[WhiteElo "2575"]
[BlackElo "2896"]
[Result "1/2-1/2"]
[Round "7"]
[TimeControl "180+2"]
[Date "2023.06.20"]
[WhiteClock "0:00:03"]
[BlackClock "0:00:04"]
[Board "2"]

1. d4 d5 2. Nf3 e6 3. c4 Nf6 4. Nc3 Be7 5. Bf4 O-O 6. e3 b6 7. Be2 dxc4 8. Bxc4 Bb7 9. O-O Nbd7 10. Rc1 c5 11. dxc5 Nxc5 12. Qe2 Nh5 13. Be5 a6 14. Rfd1 Qe8 15. a3 b5 16. Ba2 Rc8 17. b4 Nd7 18. Bd6 Nb6 19. Ne5 Nf6 20. Bxe7 Qxe7 21. Nd3 Nc4 22. a4 Nd6 23. axb5 Nxb5 24. Nxb5 axb5 25. Nc5 Bc6 26. Bb3 Rfd8 27. h3 Rxd1+ 28. Rxd1 g6 29. Qd3 Ra8 30. Qd4 Kg7 31. Qe5 Rd8 32. Rxd8 Qxd8 33. Qxe6 Bd5 34. Bxd5 Qxd5 35. Qxd5 Nxd5 36. Nd3 f5 37. Kf1 Kf6 38. Ke2 Nc3+ 39. Kd2 Ne4+ 40. Ke1 Ke6 41. Nf4+ Kd6 42. f3 Nc3 43. Kd2 Na2 44. Nd3 Kd5 45. Kc2 Kc4 46. Ne5+ Kd5 47. Nd3 Kc4 48. Ne5+ Kxb4 49. Kb2 Nc3 50. Nd3+ Kc4 51. Ne5+ Kb4 52. Nd3+ Kc4 53. Ne5+ Kb4 1/2-1/2


[Site "https://www.chess.com"]

[Event "Titled Tuesday Blitz June 20 Late 2023"]
[White "Nakamura, Hikaru"]
[Black "Paravyan, David"]
[WhiteFideId "2016192"]
[BlackFideId "4194985"]
[WhiteElo "2874"]
[BlackElo "2563"]
[Result "0-1"]
[Round "7"]
[TimeControl "180+2"]
[Date "2023.06.20"]
[WhiteClock "0:00:03"]
[BlackClock "0:00:19"]
[Board "3"]

1. e4 e5 2. Nc3 Nf6 3. Bc4 Bc5 4. d3 c6 5. Bb3 O-O 6. Qf3 a5 7. a4 Na6 8. Nge2 Be7 9. Ng3 Nc5 10. Ba2 d6 11. Nf5 Bxf5 12. Qxf5 g6 13. Qf3 Nh5 14. Bh6 Ng7 15. h4 Nce6 16. h5 Nd4 17. Qh3 Nxc2+ 18. Kd1 Nxa1 19. hxg6 hxg6 20. g4 Bh4 21. g5 Qb6 22. Qxh4 Nh5 23. Kc1 Nb3+ 24. Kb1 Nd2+ 25. Kc1 Nf3 26. Qg4 Qxf2 27. Kb1 Qg3 28. Qd7 Nd4 29. Rd1 Nf4 30. Qxd6 Nfe6 31. Qe7 Rfe8 32. Qa3 Rad8 33. Rc1 Qxd3+ 34. Ka1 Nc2+ 35. Rxc2 Qxc2 36. Bb1 Qc1 37. Qb3 Nd4 38. Qc4 Nc2+ 39. Ka2 Nb4+ 40. Ka3 Rd2 41. Qb3 c5 42. Nd5 Nxd5 43. exd5 Qxb1 0-1


[Site "https://www.chess.com"]

[Event "Titled Tuesday Blitz June 20 Late 2023"]
[White "Iturrizaga Bonelli, Eduardo"]
[Black "Kramnik, Vladimir"]
[WhiteFideId "3901211"]
[BlackFideId "4101588"]
[WhiteElo "2647"]
[BlackElo "2703"]
[Result "1-0"]
[Round "7"]
[TimeControl "180+2"]
[Date "2023.06.20"]
[WhiteClock "0:00:53"]
[BlackClock "0:00:00"]
[Board "4"]

1. c4 c5 2. g3 g6 3. Bg2 Bg7 4. Nc3 Nc6 5. Nf3 d6 6. O-O Bf5 7. a3 Qd7 8. Re1 Nf6 9. b4 O-O 10. Bb2 cxb4 11. axb4 Nxb4 12. d3 a5 13. Nd4 Bh3 14. Bh1 d5 15. Na4 Qd8 16. Qb3 Rc8 17. Rac1 e5 18. Nb5 Ng4 19. cxd5 Qf6 20. Bf3 Bh6 21. Rc4 Rxc4 22. Qxc4 Qf5 23. Nc5 Qh5 24. Nd7 Re8 25. Nf6+ Nxf6 26. Bxh5 gxh5 27. Nd6 1-0


[Site "https://www.chess.com"]

[Event "Titled Tuesday Blitz June 20 Late 2023"]
[White "Kollars, Dmitrij"]
[Black "Holt, Conrad"]
[WhiteFideId "12909572"]
[BlackFideId "2034387"]
[WhiteElo "2584"]
[BlackElo "2592"]
[Result "1-0"]
[Round "7"]
[TimeControl "180+2"]
[Date "2023.06.20"]
[WhiteClock "0:00:44"]
[BlackClock "0:00:00"]
[Board "5"]

1. e4 e6 2. d4 d5 3. Nc3 Nf6 4. Bg5 dxe4 5. Nxe4 Be7 6. Nxf6+ Bxf6 7. Bxf6 Qxf6 8. Nf3 Kf8 9. Qd2 g6 10. Qh6+ Qg7 11. Qf4 f6 12. h4 h5 13. Bc4 c6 14. O-O Qf7 15. Rfe1 Kg7 16. Re3 b5 17. Bb3 Na6 18. Qd6 Nc7 19. Qxc6 Rb8 20. Rae1 Rb6 21. Qc5 Bb7 22. Nd2 Rc8 23. Qa3 Nd5 24. Bxd5 Bxd5 25. c3 Qb7 26. Ne4 Ra6 27. Qb4 Rc4 28. Qb3 Rxd4 29. Nc5 Qc8 30. Qxb5 Bc4 31. Qb4 Rb6 32. Qa3 Rxh4 33. Qxa7+ 1-0


[Site "https://www.chess.com"]

[Event "Titled Tuesday Blitz June 20 Late 2023"]
[White "Babazada, Khazar"]
[Black "Grischuk, Alexander"]
[WhiteFideId "13413554"]
[BlackFideId "4126025"]
[WhiteElo "2369"]
[BlackElo "2721"]
[Result "1/2-1/2"]
[Round "7"]
[TimeControl "180+2"]
[Date "2023.06.20"]
[WhiteClock "0:02:20"]
[BlackClock "0:02:29"]
[Board "6"]

1. e4 e6 2. d4 d5 3. Nc3 Bb4 4. e5 c5 5. a3 Bxc3+ 6. bxc3 Ne7 7. h4 Qc7 8. Nf3 b6 9. Bb5+ Bd7 10. Bd3 h6 11. a4 Bc8 12. Bb5+ Bd7 13. Bd3 Bc8 14. Bb5+ Bd7 15. Bd3 1/2-1/2


[Site "https://www.chess.com"]

[Event "Titled Tuesday Blitz June 20 Late 2023"]
[White "Simonian, Hrair"]
[Black "Kamsky, Gata"]
[WhiteFideId "13302337"]
[BlackFideId "2000024"]
[WhiteElo "2447"]
[BlackElo "2660"]
[Result "1/2-1/2"]
[Round "7"]
[TimeControl "180+2"]
[Date "2023.06.20"]
[WhiteClock "0:01:28"]
[BlackClock "0:01:20"]
[Board "7"]

1. Nf3 Nf6 2. b3 d5 3. Bb2 Bf5 4. e3 e6 5. Be2 h6 6. O-O Nbd7 7. c4 c6 8. d3 Bh7 9. Nbd2 Bd6 10. a3 a5 11. Rc1 Qe7 12. a4 O-O 13. Rc2 Nc5 14. Rc3 Rfd8 15. d4 Nce4 16. Nxe4 dxe4 17. Nd2 Bb4 18. Rc2 c5 19. Qa1 Nd7 20. d5 f6 21. dxe6 Qxe6 22. Rd1 Nb8 23. Nf1 Nc6 24. Rcc1 Bg6 25. Ng3 Bd2 26. Rc2 Bb4 27. Rcc1 Bd2 28. Rc2 Bb4 29. Rcc1 1/2-1/2


[Site "https://www.chess.com"]

[Event "Titled Tuesday Blitz June 20 Late 2023"]
[White "Le, Tuan Minh"]
[Black "Maksimovic, Bojan"]
[WhiteFideId "12401153"]
[BlackFideId "14408120"]
[WhiteElo "2566"]
[BlackElo "2457"]
[Result "1/2-1/2"]
[Round "7"]
[TimeControl "180+2"]
[Date "2023.06.20"]
[WhiteClock "0:00:05"]
[BlackClock "0:00:11"]
[Board "8"]

1. d4 Nf6 2. Nf3 d6 3. Bg5 Nbd7 4. Nbd2 h6 5. Bh4 g5 6. Bg3 Nh5 7. c3 Bg7 8. e4 c5 9. Bc4 Nxg3 10. hxg3 Qb6 11. Nb3 cxd4 12. Nfxd4 e6 13. Qe2 a6 14. f4 Nc5 15. f5 Nxb3 16. Nxb3 Bd7 17. O-O-O Ke7 18. Nd4 Rac8 19. Kb1 Qc5 20. Bb3 a5 21. fxe6 fxe6 22. Qg4 Qe5 23. a4 Rhf8 24. Rhe1 Rf2 25. Ka1 Rxc3 26. Re2 Rxe2 27. Qxe2 Rc8 28. Ka2 b5 29. axb5 a4 30. Bxa4 Ra8 31. Kb3 Qc5 32. Qd3 Rb8 33. Qc4 Qe5 34. Ka2 Rc8 35. Qb4 Qxe4 36. b6 Qd5+ 37. Bb3 Qc5 38. Qxc5 dxc5 39. b7 Rb8 40. Nxe6 Bxe6 41. Re1 Rxb7 42. Rxe6+ Kd7 43. Rg6 Bd4 44. Rxh6 c4 45. Rh7+ Kc6 46. Ba4+ Kb6 47. Rxb7+ Kxb7 48. Bb5 c3 49. bxc3 Bxc3 50. g4 Be5 51. Bd3 Kc6 52. Bf5 Kd6 1/2-1/2


[Site "https://www.chess.com"]

[Event "Titled Tuesday Blitz June 20 Late 2023"]
[White "Tsaruk, Maksim"]
[Black "Sviridov, Valery"]
[WhiteFideId "13511173"]
[BlackFideId "4120680"]
[WhiteElo "2363"]
[BlackElo "2457"]
[Result "1-0"]
[Round "7"]
[TimeControl "180+2"]
[Date "2023.06.20"]
[WhiteClock "0:00:04"]
[BlackClock "0:00:00"]
[Board "9"]

1. e4 Nf6 2. e5 Nd5 3. d4 d6 4. Nf3 dxe5 5. Nxe5 c6 6. Bc4 Nd7 7. Nf3 N7f6 8. h3 Bf5 9. O-O e6 10. c3 h6 11. Re1 Be7 12. a4 O-O 13. Nbd2 Qc7 14. Nf1 Rad8 15. Ng3 Bh7 16. Bd3 Bxd3 17. Qxd3 c5 18. Qc4 Rc8 19. a5 Rfd8 20. Ne4 Nxe4 21. Rxe4 Qb8 22. dxc5 Bxc5 23. Qf1 Qc7 24. Ne5 a6 25. Raa4 Nf6 26. Re1 Bd6 27. Bf4 Qe7 28. Bg3 Bc5 29. Bh4 Rd2 30. Nc4 Rd5 31. Nb6 Bxb6 32. axb6 Qd7 33. Rc4 Ne8 34. Bg3 Rc6 35. Rb4 Qd8 36. Be5 Rxb6 37. Rg4 f6 38. Bd4 Rbd6 39. Be3 Kh8 40. Kh2 e5 41. f4 Re6 42. f5 Red6 43. Qc4 Rd7 44. Qe4 Qe7 45. Rg6 Rb5 46. b4 Rbd5 47. Qg4 Qf7 48. Bxh6 Kg8 49. Re3 Rd3 50. Rxd3 Rxd3 51. Qe4 Qd5 52. Qh4 Qf7 53. c4 Rd4 54. Qg3 Rxc4 55. Bd2 Rd4 56. Bc3 Rd7 57. h4 Nd6 58. Qf3 Nb5 59. Be1 Qd5 60. Qg4 Nd4 61. h5 Kf8 62. h6 gxh6 63. Rxf6+ Rf7 64. Rxh6 Nxf5 65. Rh8+ Ke7 66. Bh4+ Nxh4 67. Qxh4+ Rf6 68. Rh7+ Ke6 69. Qg4+ 1-0


[Site "https://www.chess.com"]